 Dungeon Crawl Stone Soup version 0.26.1-2-gb8aa6d0cf2 (webtiles) character file.

Game seed: 9343150164492318661

445 Groucho the Covert (level 6, -4/28 HPs)
             Began as a Spriggan Enchanter on Feb 18, 2021.
             Slain by an orc warrior
             ... wielding a +0 scimitar
              (20 damage)
             ... on level 5 of the Dungeon.
             The game lasted 00:17:45 (9480 turns).

Groucho the Covert (Spriggan Enchanter)             Turns: 9480, Time: 00:17:45

Health: -4/28      AC:  3    Str:  6    XL:     6   Next: 72%
Magic:  0/13       EV: 18    Int: 17    God:
Gold:   246        SH:  0    Dex: 16    Spells: 5/14 levels left

rFire    . . .     SeeInvis +   a - +1 dagger
rCold    . . .     Faith    .   (shield restricted)
rNeg     . . .     Spirit   .   b - +0 robe
rPois    .         Reflect  .   (helmet restricted)
rElec    .         Harm     .   u - +0 cloak
rCorr    .         Rampage  .   (gloves unavailable)
Will     +....                  (boots unavailable)
Stlth    ++++......             (no amulet)
HPRegen  0.09/turn              (no ring)
MPRegen  0.13/turn              (no ring)

@: confusing touch, very quick
A: very small, unfitting armour, see invisible, speed 3
a: no special abilities


You were on level 5 of the Dungeon.
You visited 1 branch of the dungeon, and saw 5 of its levels.

You collected 246 gold pieces.

Inventory:

Hand Weapons
 a - a +1 dagger (weapon)
Armour
 b - a +0 robe (worn)
 u - a +0 cloak (worn)
Jewellery
 n - an uncursed amulet of regeneration {unknown}
 o - a +6 ring of dexterity {unknown}
 p - an uncursed ring of ice {unknown}
 z - an uncursed ring of resist corrosion {unknown}
Wands
 v - a wand of random effects (10)
Scrolls
 c - a scroll of random uselessness {unknown}
 f - 4 scrolls of amnesia {unknown}
 j - 5 scrolls of remove curse {unknown}
 k - 2 scrolls of fog {unknown}
 l - 2 scrolls of magic mapping {unknown}
 m - a scroll of fear {unknown}
 q - a scroll of immolation {unknown}
 r - a scroll of enchant armour {unknown}
 w - 6 scrolls of teleportation {unknown}
 x - a scroll of enchant weapon {unknown}
 y - a scroll of identify {unknown}
Potions
 d - a potion of invisibility {unknown}
 e - a potion of flight {unknown}
 g - 2 potions of might {unknown}
 h - a potion of heal wounds {unknown}
 i - a potion of degeneration {unknown}
 s - 2 potions of attraction {unknown}
 t - a potion of curing
 A - 2 potions of mutation {unknown}


   Skills:
 - Level 1.1 Short Blades
 - Level 3.0 Dodging
 * Level 9.7 Stealth
 + Level 4.5 Spellcasting
 + Level 5.1 Hexes


You had 5 spell levels left.
You knew the following spells:

 Your Spells              Type           Power        Failure   Level
a - Corona                Hex            23%          1%          1
b - Ensorcelled Hibernat  Hex/Ice        24%          8%          2
c - Confusing Touch       Hex            21%          5%          3
d - Tukima's Dance        Hex            21%          5%          3

Your spell library contained the following spells:

 Spells                   Type           Power        Failure   Level
 Dazzling Flash           Conj/Hex       24%          16%         3


Dungeon Overview and Level Annotations

Branches:
Dungeon (5/15)
 Temple: D:4-7

Altars:
Ashenzari


Innate Abilities, Weirdness & Mutations

You are very small and have problems with some larger weapons.
You are too small for most types of armour.
You have supernaturally acute eyesight. (SInv)
You cover ground extremely quickly.


Message History

The orc warrior barely misses you.
You hit the orc warrior but do no damage.
The orc warrior is lightly wounded.
The orc warrior closely misses you.
You barely miss the orc warrior.
The orc warrior is lightly wounded.
The orc warrior seems less confused.
You closely miss the orc warrior.
The orc warrior is lightly wounded.
The orc warrior hits you with a +0 scimitar.
You hit the orc warrior but do no damage.
The orc warrior is lightly wounded.
The orc warrior barely misses you.
Casting: Confusing Touch (quite dangerous; 5% risk of failure)
Confirm with . or Enter, or press ? or * to list all spells.
The spell is quite dangerous to cast (5% risk of failure)!
Continue anyway?
Your hands begin to glow red.
The orc warrior hits you with a +0 scimitar!!
Ouch! That really hurt!
You die...

#. #. #
#.####.#####
#.#.@o......
##...##.....###
#....###.####..
#.#..#.###.#..#
# #..#..###..#
#.)........#
#..#...8..###.#
#..##.8#..#.#.#
##.##...##(##.#


You could see an orc warrior.

Vanquished Creatures
  A centaur (D:5)
  2 orc priests
  A bullfrog skeleton (D:3)
  2 orc wizards
  2 worker ants (D:4)
  6 adders
  3 oozes (D:3)
  6 worms
  A dart slug (D:2)
  2 leopard geckos
  11 orcs
  A ball python (D:1)
  2 giant cockroaches (D:1)
  2 goblins
  16 hobgoblins
  7 jackals
  2 quokkas
  6 bats
  4 frilled lizards
  5 kobolds
  2 quokka skeletons (D:4)
  11 rats
95 creatures vanquished.

Notes
Turn   | Place    | Note
-------+----------+-------------------------------------------
     0 | D:1      | Groucho the Spriggan Enchanter began the quest for the Orb.
     0 | D:1      | Reached XP level 1. HP: 9/9 MP: 5/5
   163 | D:1      | Reached skill level 5 in Stealth
   369 | D:1      | Reached XP level 2. HP: 13/13 MP: 6/6
   705 | D:1      | Reached skill level 6 in Stealth
  2810 | D:1      | Learned a level 2 spell: Ensorcelled Hibernation
  2826 | D:1      | Reached XP level 3. HP: 10/16 MP: 8/8
  3472 | D:1      | Reached skill level 7 in Stealth
  4450 | D:1      | Reached XP level 4. HP: 8/21 MP: 0/9
  4669 | D:2      | You fall into a shaft and drop 2 floors!
  4810 | D:3      | Learned a level 3 spell: Confusing Touch
  5312 | D:5      | Entered Level 5 of the Dungeon
  5355 | D:4      | Reached skill level 8 in Stealth
  5355 | D:4      | Reached XP level 5. HP: 24/24 MP: 7/11
  6445 | D:3      | Learned a level 3 spell: Tukima's Dance
  6777 | D:3      | Found a broken altar of Ashenzari.
  7918 | D:2      | Reached skill level 9 in Stealth
  7918 | D:2      | Reached XP level 6. HP: 28/28 MP: 4/12
  9311 | D:5      | Reached skill level 5 in Hexes
  9452 | D:5      | Noticed an orc warrior
  9480 | D:5      | Slain by an orc warrior

Illustrated notes

Levels and vault maps discovered:
D:1:      wander_arrival_peaceful_grave, layout_loops_corners
D:2:      layout_rooms
D:3:      layout_loops_corners, cheibrodos_ashenzari_chains
D:4:      layout_loops_ring, amcnicky_mini_rare_corridor_liquid
D:5:      layout_loops_ring, minmay_crystal_water, guppyfry_early_orc_mine

Skill      XL: |  1  2  3  4  5  6 |
---------------+-------------------+-----
Stealth        | 5 6 7 8 9 |  9.7
Spellcasting   | 3 4 |  4.5
Hexes          | 4 5 |  5.1
Short Blades   | |  1.1
Dodging        | |  3.0

Action                   |  1- 3 |  4- 6 || total
-------------------------+-------+-------++-------
Melee: Dagger            |   140 |   175 ||   315
 Cast: Ensorcelled Hiber |    19 |    41 ||    60
       Corona            |     1 |     2 ||     3
       Confusing Touch   |       |     9 ||     9
  Use: Potion            |     3 |     1 ||     4
 Stab: Sleeping          |    17 |    41 ||    58
       Confused          |       |     6 ||     6
Armor: Robe              |    12 |     7 ||    19
Dodge: Dodged            |   134 |   121 ||   255
